 Dungeon Crawl Stone Soup version 0.23-a0-436-g57debff (webtiles) character file.

38 Inarius the Skirmisher (level 3, -6/31 HPs)
             Began as a Ghoul Fighter on Nov 16, 2018.
             Mangled by a killer bee (7 damage)
             ... on level 2 of the Dungeon.
             The game lasted 00:02:15 (1147 turns).

Inarius the Skirmisher (Ghoul Fighter)              Turns: 1147, Time: 00:02:16

Health: -6/31      AC:  6    Str: 19    XL:     3   Next: 43%
Magic:  2/2        EV:  7    Int:  4    God:
Gold:   41         SH:  8    Dex:  8    Spells: 2/2 levels left

rFire    . . .     SeeInvis .   a - +0 war axe
rCold    + . .     Gourm    .   c - +0 shield
rNeg     + + +     Faith    .   b - +0 scale mail
rPois    ∞         Spirit   .   (no helmet)
rElec    .         Reflect  .   (no cloak)
rCorr    .         Harm     .   (no gloves)
MR       .....                  (no boots)
Stlth    ..........             (no amulet)
HPRegen  0.00/turn              (no ring)
MPRegen  0.08/turn              (no ring)

@: rotting
A: rotting body, claws 1, carnivore, cold resistance 1, negative energy
resistance 3, inhibited regeneration, torment resistance, unbreathing
a: no special abilities


You were on level 2 of the Dungeon.
You were not hungry.

You visited 1 branch of the dungeon, and saw 2 of its levels.

You collected 41 gold pieces.

Inventory:

Hand Weapons
 a - a +0 war axe (weapon)
Armour
 b - a +0 scale mail (worn)
 c - a +0 shield (worn)
Jewellery
 n - an uncursed ring of protection from cold {unknown}
Scrolls
 e - a scroll of remove curse {unknown}
 h - a scroll of random uselessness {unknown}
 k - a scroll of teleportation {unknown}
 l - 2 scrolls of identify {unknown}
Potions
 d - a potion of might
 g - a potion of curing {unknown}
 i - a potion of flight {unknown}
 j - a potion of haste {unknown}
Comestibles
 f - a ration
 m - a chunk of flesh


   Skills:
 + Level 3.5 Fighting
 * Level 2.5 Axes
 + Level 3.0 Armour
 + Level 3.0 Shields


You had 2 spell levels left.
You didn't know any spells.
Your spell library was empty.

Dungeon Overview and Level Annotations

Branches:
Dungeon (2/15)

Altars:


Innate Abilities, Weirdness & Mutations

Your body is rotting away.
You thrive on raw meat.
You are immune to poison.
You have sharp fingernails.
You are carnivorous and can eat meat at any time.
Your flesh is cold resistant. (rC+)
You are immune to negative energy. (rN+++)
You do not regenerate when monsters are visible.
You are immune to unholy pain and torment.
You can survive without breathing.


Message History

A killer bee comes into view. x2
The killer bee moves out of view.
A killer bee comes into view.
The killer bee buzzes angrily. x2
The killer bee barely misses you. The killer bee stings you.
You closely miss the killer bee. x2; The killer bee stings you!
You block the killer bee's attack. x2; The killer bee stings you. x3
The killer bee barely misses you. The killer bee stings you.
Your shield prevents you from hitting the killer bee.
You miss the killer bee. You slash the killer bee! You hit the killer bee.
You block the killer bee's attack. The killer bee closely misses you.
The killer bee stings you. The killer bee stings you!
* * * LOW HITPOINT WARNING * * *
The killer bee closely misses you. You block the killer bee's attack.
The killer bee stings you.
* * * LOW HITPOINT WARNING * * *
The killer bee stings you.
* * * LOW HITPOINT WARNING * * *
The killer bee stings you!
You die...

.# .# ..... #..... .#
..... #.... .#
....##.... .# ###.......
.# .......?.# .#
.........# .# ......yy.#
.# #...y@y# .# #......#
.###########......# ..
.#........##......##....
.#........##............
.'.........'.......(....
##.......(##..........##
#........########....#
#........# ....#


You could see 4 killer bees.

Vanquished Creatures
  An ooze (D:1)
  A leopard gecko (D:1)
  3 giant cockroaches
  4 goblins (D:1)
  9 hobgoblins
  3 kobolds (D:1)
  4 bats (D:1)
  4 rats
29 creatures vanquished.

Notes
Turn   | Place    | Note
-------+----------+-------------------------------------------
     0 | D:1      | Inarius the Ghoul Fighter began the quest for the Orb.
     0 | D:1      | Reached XP level 1. HP: 19/19 MP: 0/0
    40 | D:1      | Reached XP level 2. HP: 17/26 MP: 1/1
   430 | D:1      | Reached XP level 3. HP: 28/31 MP: 2/2
  1143 | D:2      | Noticed a killer bee
  1143 | D:2      | Noticed a killer bee
  1143 | D:2      | Noticed a killer bee
  1144 | D:2      | Noticed a killer bee
  1147 | D:2      | HP: 1/31 [killer bee (3)]
  1147 | D:2      | Mangled by a killer bee

Vault maps used:
D:1:      minmay_arrival_stone_box
D:2:      overflow_temple_1_default

Skill      XL: |  1  2  3 |
---------------+----------+-----
Axes           | 2 |  2.5
Shields        | 3 |  3.0
Armour         | 3 |  3.0
Fighting       | |  3.5

Action                   || total
-------------------------++-------
Melee: War axe           ||    95
  Eat: Chunk             ||    13
Armor: Scale mail        ||    46
Dodge: Dodged            ||    38
Block: Shield            ||    53

Table legend:
 A = Non-vault XP
 B = Vault XP
 C = Vault XP percentage of total XP
 D = Non-vault monster count
 E = Vault monster count
 F = Vault count percentage of total count
                 A         B        C        D         E       F
            +---------+---------+-------+---------+---------+-------
      Total |      55 |       0 |   0.0 |      29 |       0 |   0.0
            +---------+---------+-------+---------+---------+-------
        D:1 |      48 |       0 |   0.0 |      25 |       0 |   0.0
        D:2 |       7 |       0 |   0.0 |       4 |       0 |   0.0
            +---------+---------+-------+---------+---------+-------
